 Dungeon Crawl Stone Soup version 0.32-a0-747-gc8563f6773 (webtiles) character file.

Game seed: 453622011420791824

82243 Pooter the Severer (level 15, -1/207 HPs)
             Began as a Minotaur Berserker on Mar 17, 2024.
             Was a High Priest of Trog.
             Slain by Jorgrun
             ... wielding a staff of earth
              (8 damage)
             ... while petrified by Jorgrun
             ... on level 13 of the Dungeon.
             The game lasted 02:27:45 (35883 turns).

Pooter the Severer (Minotaur Berserker)            Turns: 35883, Time: 02:27:46

Health: -1/207     AC: 16    Str: 35    XL:     15   Next: 29%
Magic:  14/14      EV:  2    Int:  5    God:    Trog [*****.]
Gold:   3113       SH:  0    Dex: 11    Spells: 14/14 levels left

rFire   + . .        a - +0 battleaxe (heavy)
rCold   + . .        (shield currently unavailable)
rNeg    + + +        B - +6 scale mail of the Game of Kings {rF+ rC+}
rPois   ∞            (helmet restricted)
rElec   .            M - +2 cloak {rCorr}
rCorr   +            (no gloves)
SInv    .            (no boots)
Will    +....        (no amulet) Stlth
                     R - +4 ring of slaying
HPRegen 0.54/turn    E - +6 ring of strength
MPRegen 0.14/turn

%: no passive effects
@: berserking (expiring), petrified
A: horns 2, retaliatory headbutt, strong 1
a: Renounce Religion, Berserk, Trog's Hand, Brothers in Arms


You were on level 13 of the Dungeon.
You worshipped Trog.
Trog was extremely pleased with you.
You visited 3 branches of the dungeon, and saw 20 of its levels.
You also visited: Bailey and Gauntlet.

You collected 3847 gold pieces.
You spent 734 gold pieces at shops.

Inventory:

Hand Weapons
 a - a +0 heavy battleaxe (weapon)
   (You bought it in a shop on level 9 of the Dungeon)
 b - a +2 arbalest of electrocution
   (You took it off a kobold blastminer on level 1 of the Orcish Mines)
 h - a +3 heavy dire flail
   (You took it off Lodul on level 12 of the Dungeon)
 K - a +5 battleaxe of flaming
   (Trog gifted it to you on level 5 of the Lair of Beasts)
Missiles
 j - 41 poisoned darts
 m - 32 boomerangs (quivered)
 y - 20 curare-tipped darts
 z - 8 atropa-tipped darts
 T - 9 javelins
Armour
 v - a +1 plate armour
   (You took it off an orc warrior on level 7 of the Dungeon)
 B - the +6 scale mail of the Game of Kings (worn) {rF+ rC+}
   (You found it in a bailey)

   rF+:       It protects you from fire.
   rC+:       It protects you from cold.
 D - a +0 buckler
   (You found it on level 1 of the Dungeon)
 H - a +2 chain mail of poison resistance
   (You bought it in a shop on level 4 of the Dungeon)
 M - a +2 cloak of preservation (worn)
   (You found it on level 2 of the Lair of Beasts)
 X - the +2 ring mail "Pitihacw" {rPois rF++ rC++}
   (You found it in a Gauntlet)

   rF++:      It greatly protects you from fire.
   rC++:      It greatly protects you from cold.
   rPois:     It protects you from poison.
Jewellery
 l - a +4 ring of protection
   (You found it on level 3 of the Dungeon)
 q - the amulet "Wibagef" {Rampage rC++ RegenMP+ Dex-3 Stlth-}
   (You took it off a minotaur in a Gauntlet)

   [amulet of magic regeneration]

   It increases your rate of magic regeneration.
   Dex-3:     It affects your dexterity (-3).
   rC++:      It greatly protects you from cold.
   Rampage:   It bestows one free step when moving towards enemies.
   Stlth-:    It makes you less stealthy.
   RegenMP+:  It increases your rate of magic regeneration.
 C - a ring of resist corrosion
   (You took it off an orc warrior on level 9 of the Dungeon)
 E - a +6 ring of strength (right hand)
   (You found it in a Gauntlet)
 F - a ring of protection from fire
   (You found it on level 10 of the Dungeon)
 N - a ring of ice
   (You found it on level 2 of the Lair of Beasts)
 P - a ring of poison resistance
   (You found it on level 5 of the Dungeon)
 R - a +4 ring of slaying (left hand)
   (You found it on level 3 of the Lair of Beasts)
 W - a +5 ring of evasion
   (You found it on level 4 of the Lair of Beasts)
Wands
 d - a wand of iceblast (3)
   (You found it on level 7 of the Dungeon)
 f - a wand of flame (56)
   (You found it on level 8 of the Dungeon)
 i - a wand of light (3)
   (You found it on level 12 of the Dungeon)
 r - a wand of polymorph (2)
   (You took it off an orc on level 6 of the Dungeon)
 u - a wand of paralysis (7)
   (You found it on level 4 of the Lair of Beasts)
Scrolls
 k - a scroll of fear
 t - 5 scrolls of teleportation {@r4}
 x - 5 scrolls of fog
 A - 2 scrolls of immolation {!r}
 G - 3 scrolls of silence
 O - 3 scrolls of poison {!r}
 Q - a scroll of summoning {unknown}
 U - 3 scrolls of vulnerability {!r}
 V - 4 scrolls of blinking
 Y - a scroll of revelation
 Z - a scroll of brand weapon
Potions
 c - 11 potions of curing {@q1}
 e - 3 potions of mutation {!q}
 g - 3 potions of heal wounds {@q2}
 n - a potion of ambrosia
 o - 3 potions of attraction {!q}
 p - 3 potions of invisibility
 s - a potion of haste {@q3}
 w - 3 potions of enlightenment
 I - 2 potions of resistance
 L - 7 potions of lignification {!q}
 S - a potion of might


   Skills:
 + Level 14.3 Fighting
 * Level 19.7 Axes
 * Level 16.9 Ranged Weapons
 - Level 9.7 Throwing
 + Level 3.8 Armour
 + Level 3.3 Dodging
 - Level 2.2 Shields
 + Level 1.9 Evocations


You had 14 spell levels left.
You didn't know any spells.
Your spell library was empty.

Dungeon Overview and Level Annotations

Branches:
Dungeon (13/15) Zot: 24487  Temple (0/1) D:6            Lair (5/5) D:9 Zot: 19303
 Shoals (0/4) Lair:3       Spider (0/4) Lair:2        Slime (0/5) Lair:5
    Orc (2/2) D:9 Zot: 606     Elf (0/3) Orc:2        Bailey (visited)
Gauntlet (visited)
 Vaults: D:13-14

Altars:
Dithmenos
Elyvilon
Trog
Wu Jian
Xom
Beogh
Lugonu

Shops:
D:4 [   D:9 [(   Orc:2 :!:(*

Annotations:
D:3 1 runed translucent door, Crazy Yiuf
D:6 3 runed translucent doors, Fodor's ghost, novice MiFi
D:13 Jorgrun


Innate Abilities, Weirdness & Mutations

You have a pair of horns on your head.
You reflexively headbutt those who attack you in melee.
Your muscles are strong. (Str +4, Int/Dex -1)


Message History

Press: ? - help, Shift-Dir - straight line, f - you
Okay, then.
You shoot a bolt. The bolt hits Jorgrun!!
You shoot a bolt. The bolt closely misses Jorgrun.
Jorgrun gestures next to you while chanting.
The wall shatters!
The blast of rock fragments hits you!!
Aiming: Bolt of Light
Press: ? - help, Shift-Dir - straight line, f/p - Jorgrun
Aim: Jorgrun, wielding a staff of earth and wearing a +0 robe of cold resistance (lightly wounded, 53% to hit)
The bolt of light hits Jorgrun!
Jorgrun is blinded.
Your +2 arbalest of electrocution stops crackling.
a - a +0 heavy battleaxe (weapon)
You slice Jorgrun!! Your headbutt misses Jorgrun.
Jorgrun hits you but does no damage. The ground beneath you fractures!
You closely miss Jorgrun.
Jorgrun is no longer blind.
Jorgrun barely misses you.
You hit Jorgrun.
Jorgrun says, "'tis place shall be yer tomb!"
Jorgrun casts a spell at you. The iron shot hits you!!!
* * * LOW HITPOINT WARNING * * *
A red film seems to cover your vision as you go berserk!
You feel yourself moving faster!
You feel mighty!
Jorgrun points at you and mumbles some strange words.
You are slowing down.
You slash Jorgrun! Jorgrun completely misses you.
Your limbs are stiffening.
You barely miss Jorgrun. Jorgrun hits you with a staff of earth!
* * * LOW HITPOINT WARNING * * *
The ground beneath you fractures!!
* * * LOW HITPOINT WARNING * * *
Jorgrun gestures at you while chanting. You resist with significant effort.
You have turned to stone.
Jorgrun hits you with a staff of earth.
* * * LOW HITPOINT WARNING * * *
The ground beneath you fractures!!
* * * LOW HITPOINT WARNING * * *
Jorgrun hits you with a staff of earth!
* * * LOW HITPOINT WARNING * * *
The ground beneath you fractures!
* * * LOW HITPOINT WARNING * * *
Jorgrun hits you with a staff of earth!
* * * LOW HITPOINT WARNING * * *
The ground beneath you fractures!
* * * LOW HITPOINT WARNING * * *
Jorgrun casts a spell at you. You resist with significant effort.
Jorgrun hits you with a staff of earth!
* * * LOW HITPOINT WARNING * * *
The ground beneath you fractures!
You die...

####.###........#########
#.[....+.................
##.####.#......)......#
........#.............#
##.######.............#
#.######.#########.###
#........# #.#
##################.#
##### ......g@...# ....#
############ ###.# #.#
#### #.# ..# #.# #.# #.#
#<# #.# #.# #.# #.#


You could see Jorgrun.

Vanquished Creatures
  An orc warlord (Orc:1)
  A very ugly thing (D:10)
  A minotaur (Gauntlet)
  6 ogre magi (Orc:2)
  2 catoblepae
  2 centaur warriors
  6 two-headed ogres
  A deep troll shaman (Lair:5)
  A boulder beetle (Lair:5)
  An orc high priest (Orc:1)
  5 death yaks (Lair:5)
  3 skysharks
  Lodul (D:12)
  Pikel (D:3)
  5 orc knights
  2 lindwurms
  A deep elf pyromancer (D:12)
  An oklob plant (Lair:1)
  2 orc sorcerers
  4 ugly things
  3 cyclopes
  3 manticores
  A meliai (shapeshifter) (D:10)
  5 elephants (Lair:5)
  A kobold blastminer (Orc:1)
  6 black mambas
  2 ice statues
  3 gargoyles
  2 torpor snails
  3 large abominations (D:10)
  14 cane toads
  2 molten gargoyles (Gauntlet)
  An unseen horror (D:10)
  A rime drake (Gauntlet)
  A kobold demonologist (D:10)
  An efreet (D:13)
  10 komodo dragons
  An ice devil (Lair:4)
  6 polar bears
  5 trolls
  4 hornets
  22 blink frogs
  4 dream sheep (Lair:2)
  A raiju (D:10)
  3 culicivoras (Lair:2)
  3 wraiths
  74 yaks
  2 wyverns
  2 fire elementals (Lair:2)
  2 fire bats (Lair:2)
  12 wargs
  5 basilisks
  A steam dragon (D:7)
  4 vampire mosquitoes (D:11)
  20 water moccasins
  2 hell hounds (Lair:2)
  5 acid dragons
  35 orc warriors
  8 black bears
  2 sky beasts (D:7)
  8 ice beasts
  23 ogres
  16 wolves
  2 lemures (D:3)
  4 centaurs
  8 kobold brigands
  3 gnoll sergeants
  21 bullfrogs
  A scorpion (D:4)
  2 small abominations (D:10)
  8 killer bees
  A howler monkey (D:6)
  An electric eel (D:12)
  3 bombardier beetles
  8 jellies
  4 hounds
  16 orc priests
  2 iguanas
  3 sleepcaps
  Terence (D:3)
  20 orc wizards
  10 gnolls
  8 adders
  4 white imps
  2 ufetubi (D:6)
  4 ribbon worms
  3 dart slugs (D:5)
  91 orcs
  7 endoplasms
  2 giant cockroaches
  6 hobgoblins
  4 jackals (D:1)
  7 quokkas
  9 ball pythons
  2 bats
  4 frilled lizards (D:1)
  7 goblins
  26 kobolds
  7 rats
687 creatures vanquished.

Notes
Turn   | Place    | Note
-------+----------+-------------------------------------------
     0 | D:1      | Pooter the Minotaur Berserker began the quest for the Orb.
     0 | D:1      | Reached XP level 1. HP: 19/19 MP: 0/0
    35 | D:1      | Reached skill level 4 in Axes
   125 | D:1      | Reached XP level 2. HP: 25/27 MP: 1/1
   650 | D:1      | Reached skill level 1 in Shields
   650 | D:1      | Reached XP level 3. HP: 15/33 MP: 2/2
  1105 | D:2      | Reached ** piety under Trog
  1400 | D:2      | Reached skill level 5 in Axes
  1429 | D:2      | Reached XP level 4. HP: 41/41 MP: 3/3
  1492 | D:3      | Reached skill level 1 in Ranged Weapons
  1831 | D:3      | Reached XP level 5. HP: 47/47 MP: 4/4
  1846 | D:3      | Noticed Terence
  1859 | D:3      | Killed Terence
  2084 | D:3      | Found a runed translucent door.
  2085 | D:3      | Noticed Crazy Yiuf
  2348 | D:4      | Noticed a lemure
  2348 | D:4      | Noticed a lemure
  2354 | D:4      | Found Maameeg's Antique Armour Shoppe.
  2374 | D:4      | Noticed Pikel
  2385 | D:3      | Killed a lemure
  2401 | D:4      | Noticed an ogre
  2408 | D:4      | Killed an ogre
  2409 | D:4      | Reached skill level 5 in Fighting
  2409 | D:4      | Reached skill level 6 in Axes
  2426 | D:4      | Noticed a lemure
  2479 | D:4      | Noticed a lemure
  2492 | D:3      | Killed a lemure
  2500 | D:3      | Killed Pikel
  2501 | D:3      | Reached skill level 7 in Axes
  2501 | D:3      | Reached XP level 6. HP: 54/57 MP: 5/5
  2501 | D:3      | Reached XP level 7. HP: 60/63 MP: 6/6
  2667 | D:4      | Reached skill level 8 in Axes
  3675 | D:4      | Reached XP level 8. HP: 61/71 MP: 7/7
  3992 | D:5      | Entered Level 5 of the Dungeon
  4164 | D:5      | Reached skill level 9 in Axes
  4270 | D:5      | Reached skill level 5 in Ranged Weapons
  4852 | D:4      | Bought a runed chain mail for 187 gold pieces
  4920 | D:6      | Found a runed translucent gate.
  4922 | D:6      | Found a runed translucent gate.
  4922 | D:6      | Noticed Fodor's ghost (novice MiFi)
  4923 | D:6      | Found a runed translucent gate.
  4925 | D:6      | Identified the +8 chain mail of Maduptye {rCorr Str+3
                  | Stlth+}
  5116 | D:6      | Found a staircase to the Ecumenical Temple.
  5456 | D:6      | Noticed Eustachio
  5569 | D:6      | Eustachio changed into Eustachio the ribbon worm
  5569 | D:6      | Noticed Eustachio
  5570 | D:6      | Killed Eustachio the ribbon worm
  5617 | D:6      | Reached skill level 10 in Axes
  5904 | D:6      | Found a roughly hewn altar of Beogh.
  6120 | D:7      | Found a flagged portal.
  6139 | Bailey   | Entered a bailey
  6229 | Bailey   | Reached XP level 9. HP: 81/81 MP: 8/8
  6235 | Bailey   | Noticed an orc knight
  6248 | Bailey   | Killed an orc knight
  6249 | Bailey   | Reached skill level 11 in Axes
  6378 | Bailey   | Reached skill level 1 in Throwing
  6588 | Bailey   | Found a burning altar of Makhleb.
  6594 | Bailey   | Identified the +2 hand axe "Luleps" {flame, rPois rC+
                  | Will+}
  6602 | Bailey   | Identified the +6 scale mail of the Game of Kings {rF+ rC+}
  6804 | D:7      | Reached skill level 12 in Axes
  7036 | D:7      | Reached XP level 10. HP: 90/90 MP: 9/9
  7614 | D:7      | Upgraded the game from 0.32-a0-732-ga344392067 to
                  | 0.32-a0-747-gc8563f6773
  7950 | D:8      | Reached *** piety under Trog
  8852 | D:9      | Found a staircase to the Lair.
  9096 | D:9      | Reached skill level 13 in Axes
  9132 | D:9      | Found Nuplahym's Weapon Shop.
  9537 | D:9      | Found a staircase to the Orcish Mines.
  9539 | D:9      | Found Noshraq's Armour Shop.
  9543 | D:9      | Bought a +0 heavy battleaxe for 164 gold pieces
  9550 | Orc:1    | Entered Level 1 of the Orcish Mines
  9555 | Orc:1    | Noticed a cyclops
  9563 | D:9      | Killed a cyclops
  9736 | Orc:1    | Reached skill level 10 in Ranged Weapons
  9756 | Orc:1    | Noticed an orc high priest
  9872 | Orc:1    | Noticed a sixfirhy
  9878 | Orc:1    | Noticed an orange demon
  9878 | Orc:1    | Killed an orc high priest
  9879 | Orc:1    | Reached XP level 11. HP: 99/99 MP: 10/10
  9933 | Orc:1    | Reached skill level 10 in Fighting
 11094 | Orc:2    | Entered Level 2 of the Orcish Mines
 11104 | Orc:2    | Found a staircase to the Elven Halls.
 11436 | Orc:2    | Noticed an orc sorcerer
 11437 | Orc:2    | Paralysed by an orc sorcerer for 2 turns
 11444 | Orc:2    | Killed an orc sorcerer
 11465 | Orc:2    | Found a roughly hewn altar of Beogh.
 11591 | Orc:2    | Noticed an ogre mage
 11591 | Orc:2    | Noticed a two-headed ogre
 11592 | Orc:2    | Noticed a two-headed ogre
 11629 | Orc:1    | Reached skill level 14 in Axes
 11808 | Orc:2    | Killed a two-headed ogre
 11809 | Orc:2    | Reached skill level 5 in Throwing
 11857 | Orc:2    | Killed an ogre mage
 11917 | Orc:2    | Killed a two-headed ogre
 11996 | Orc:2    | Noticed an ogre mage
 12002 | Orc:2    | Killed an ogre mage
 13477 | Orc:2    | Noticed an orc knight
 14221 | Orc:2    | Reached **** piety under Trog
 14374 | Orc:2    | Noticed an orc warlord
 14384 | Orc:2    | Noticed an orc sorcerer
 14390 | Orc:1    | Killed an orc warlord
 14703 | Orc:1    | Killed an orc sorcerer
 14866 | Orc:1    | Reached skill level 15 in Axes
 14962 | Orc:2    | Reached XP level 12. HP: 98/108 MP: 11/11
 15324 | Orc:2    | Noticed a two-headed ogre
 15333 | Orc:2    | Killed a two-headed ogre
 16142 | Orc:2    | Noticed an ogre mage
 18814 | Orc:2    | Found Urodi's Assorted Antiques.
 18823 | Orc:2    | Bought a viscous silvery potion for 24 gold pieces
 18823 | Orc:2    | Bought 2 lumpy red potions for 48 gold pieces
 18823 | Orc:2    | Bought 2 viscous dark potions for 48 gold pieces
 18823 | Orc:2    | Bought a scroll labelled PUOLEO TAVAFE for 27 gold pieces
 18823 | Orc:2    | Bought a scroll of identify for 54 gold pieces
 19010 | Orc:2    | Paralysed by something for 5 turns
 19019 | Orc:2    | Killed an ogre mage
 20053 | Orc:2    | Noticed an ogre mage
 20056 | Orc:2    | Noticed an ogre mage
 20061 | Orc:2    | Paralysed by something for 5 turns
 20064 | Orc:2    | Noticed a two-headed ogre
 20084 | Orc:1    | Killed a two-headed ogre
 20162 | Orc:2    | Killed an ogre mage
 20165 | Orc:2    | Killed an ogre mage
 20214 | Orc:2    | Noticed a two-headed ogre
 20232 | Orc:2    | Killed a two-headed ogre
 20475 | Orc:2    | Glimpsed the power of Zot.
 20503 | Orc:2    | Noticed an ogre mage
 20512 | Orc:2    | Killed an ogre mage
 20513 | Orc:2    | Reached skill level 16 in Axes
 20524 | Orc:2    | Found Foryne's Distillery.
 20528 | Orc:2    | Found Fodukliley's Book Boutique.
 20544 | Orc:2    | Bought a potion of mutation for 112 gold pieces
 20544 | Orc:2    | Bought a potion of heal wounds for 70 gold pieces
 20554 | Orc:2    | Found a roughly hewn altar of Beogh.
 20583 | Orc:2    | Found Hadij's Book Boutique.
 20584 | Orc:2    | Found Voralu's Weapon Shop.
 20883 | Lair:1   | Entered Level 1 of the Lair of Beasts
 21971 | Lair:2   | Reached XP level 13. HP: 118/118 MP: 12/12
 22066 | Lair:2   | Found a transporter.
 22173 | Lair:2   | Found a transporter.
 22332 | Lair:2   | Identified the +5 battleaxe of the Leaping Viper {flame,
                  | ^Drain rN+ Will+ Dex+4}
 22461 | Lair:2   | Reached skill level 17 in Axes
 23495 | Lair:2   | Found a hole to the Spider Nest.
 24015 | Lair:3   | Reached ***** piety under Trog
 24571 | Lair:3   | Identified the +0 robe of Sloth {rElec Archmagi}
 24669 | Lair:3   | Found a staircase to the Shoals.
 25046 | Lair:3   | Reached skill level 15 in Ranged Weapons
 26058 | Lair:4   | Reached skill level 18 in Axes
 26639 | Lair:4   | Reached XP level 14. HP: 129/129 MP: 13/13
 26700 | Lair:5   | Entered Level 5 of the Lair of Beasts
 27077 | Lair:5   | Identified a scroll of acquirement
 27077 | Lair:5   | Acquired 843 gold pieces
 27094 | Lair:5   | Found a staircase to the Slime Pits.
 29774 | Lair:5   | Received a gift from Trog
 30198 | Lair:5   | Identified the +2 leather armour of the Caustic God {rCorr
                  | Int+3}
 30912 | Lair:5   | Reached skill level 19 in Axes
 31013 | Lair:5   | Identified the +8 quarterstaff of Viyluax {freeze, *Noise
                  | Fly rN++ Int+3}
 31689 | D:9      | Found a white marble altar of Elyvilon.
 31691 | D:9      | Found a shadowy altar of Dithmenos.
 31693 | D:9      | Found an ornate altar of the Wu Jian Council.
 31717 | D:9      | Found a bloodstained altar of Trog.
 32199 | D:10     | Entered Level 10 of the Dungeon
 32575 | D:10     | Found a transporter.
 32575 | D:10     | Noticed a green very ugly thing
 32577 | D:10     | Found a corrupted altar of Lugonu.
 32643 | D:10     | You fall into a shaft and drop 3 floors!
 33019 | D:11     | Found a gate leading to a gauntlet.
 33029 | Gauntlet | Entered a Gauntlet
 33029 | Gauntlet | Found a transporter.
 33029 | Gauntlet | Found a transporter.
 33030 | Gauntlet | Found a transporter.
 33030 | Gauntlet | Found a transporter.
 33052 | Gauntlet | Found a transporter.
 33073 | Gauntlet | Found a transporter.
 33075 | Gauntlet | Found a transporter.
 33116 | Gauntlet | Identified the +2 ring mail "Pitihacw" {rPois rF++ rC++}
 33129 | Gauntlet | Found a transporter.
 33353 | Gauntlet | Found a transporter.
 33354 | Gauntlet | Identified the amulet "Wibagef" {Rampage rC++ RegenMP+
                  | Dex-3 Stlth-}
 33902 | D:10     | Reached XP level 15. HP: 105/138 MP: 14/14
 33987 | D:10     | Gained mutation: You are weak. (Str -2) [potion of
                  | mutation]
 33988 | D:10     | Lost mutation: You are weak. (Str -2) [potion of mutation]
 33988 | D:10     | Gained mutation: Your muscles are strong. (Str +4, Int/Dex
                  | -1) [potion of mutation]
 34110 | D:10     | Found a transporter.
 34242 | D:10     | Reached skill level 1 in Evocations
 35150 | D:12     | Noticed Lodul
 35353 | D:12     | Killed Lodul
 35484 | D:12     | Found a shimmering altar of Xom.
 35867 | D:13     | Noticed Jorgrun
 35881 | D:13     | HP: 9/207 [Jorgrun/staff of earth (8)]
 35883 | D:13     | Slain by Jorgrun

Illustrated notes

Levels and vault maps discovered:
D:1:      mainiacjoe_arrival_oval_in_oval, layout_basic, chequers_mini_garden
D:2:      layout_rooms
D:3:      layout_rooms, minivault_26, uniq_terence, uniq_crazy_yiuf_cottage
D:4:      layout_basic, serial_shops, nicolae_stop_n_shop_2, serial_curves,
          eino_curves_02, eino_curves_03, minmay_box_of_dots, uniq_pikel
D:5:      layout_loops_ring, minmay_crystal_room
D:6:      layout_basic, minmay_temple_entry_poolview,
          biasface_ghost_orc_armoury, uniq_eustachio
D:7:      layout_loops_corners, enter_bailey_6, minmay_joined_circles
D:8:      layout_basic, nicolae_figureground_sparkle
D:9:      layout_basic, nicolae_overflow_quartered_altars,
          due_lair_maze_entry_diamond, orc_david_3, amcnicky_mini_pool_small,
          minmay_strange_pillars
D:10:     gammafunk_corrupted_shrine, layout_irregular_city, minmay_bent
D:11:     layout_roguey, gauntlet_entry_generic
D:12:     layout_irregular_city, minivault_14, xom_teletrap_fun, uniq_lodul
D:13:     layout_basic, grunt_decor_clamped, uniq_jorgrun
Lair:1:   layout_roguey
Lair:2:   gammafunk_cloud_chamber, layout_hall_layers,
          hellmonk_spider_entry_life_and_decay
Lair:3:   layout_small_grid, minmay_shoals_entry_beasts, beast_lair_carwin_6
Lair:4:   layout_cave_pods, ice2_lemuel
Lair:5:   grunt_lair_end_beastmaster, layout_cave_pods,
          nicolae_slime_entry_slimehenge, nicolae_lair_grove_arrangements,
          grunt_megastairs_5
Orc:1:    layout_diamond_mine
Orc:2:    st_orc_town, layout_caves, serial_shops, shop_statue, basic_altar

Skill      XL: |  1  2  3  4  5  6  7  8  9 10 11 12 13 14 15 |
---------------+----------------------------------------------+-----
Axes           | 4 5 7 8 10 12 13 15 16 18 19 | 19.7
Fighting       | 4 6 7 8 9 10 12 13 14 | 14.3
Shields        | 1 2 |  2.2
Ranged Weapons | 1 3 4 6 8 10 11 13 15 16 | 16.9
Throwing       | 2 4 6 7 8 9 |  9.7
Armour         | 3 |  3.8
Evocations     | 1 |  1.9
Dodging        | 3 |  3.3

Action                     |  1- 3 |  4- 6 |  7- 9 | 10-12 | 13-15 || total
---------------------------+-------+-------+-------+-------+-------++-------
  Melee: Hand axe          |    87 |    38 |       |       |       ||   125
         Headbutt          |    12 |     4 |    31 |    55 |    86 ||   188
         Broad axe         |       |    20 |   139 |       |       ||   159
         Flail             |       |     2 |       |       |       ||     2
         Unarmed           |       |       |     5 |       |       ||     5
         Battleaxe         |       |       |    28 |   357 |   419 ||   804
   Fire: Sling             |    16 |    28 |    16 |       |       ||    60
         Orcbow            |       |       |    19 |    82 |       ||   101
         Arbalest          |       |       |       |   208 |   301 ||   509
  Throw: Stone             |       |     5 |       |       |       ||     5
         Dart              |       |     1 |    12 |       |    20 ||    33
         Boomerang         |       |       |       |    12 |     3 ||    15
 Invoke: Berserk           |     2 |     4 |     9 |    21 |    10 ||    46
         Trog's Hand       |       |     4 |     6 |    21 |    18 ||    49
         Brothers in Arms  |       |       |       |       |     1 ||     1
  Evoke: Wand              |       |       |     8 |     5 |     6 ||    19
    Use: Scroll            |     2 |     2 |     5 |     8 |    20 ||    37
         Potion            |       |       |       |     1 |     4 ||     5
   Stab: Paralysed         |       |       |     1 |       |       ||     1
         Invisible         |       |       |       |     1 |     2 ||     3
         Petrifying        |       |       |       |       |     1 ||     1
         Petrified         |       |       |       |       |     1 ||     1
 Armour: Animal skin       |    11 |       |       |       |       ||    11
         Ring mail         |    37 |    34 |       |       |       ||    71
         Chain mail        |       |    32 |   112 |       |       ||   144
         Skin              |       |       |     1 |       |       ||     1
         Scale mail        |       |       |    38 |   449 |   614 ||  1101
  Dodge: Dodged            |    40 |    34 |    71 |   219 |   301 ||   665
  Block: Buckler           |    13 |    11 |    12 |       |       ||    36

Table legend: (Time is in decaauts)
 A = Elapsed time spent in this place.
 B = Non-inter-level travel time spent in this place.
 C = Inter-level travel time spent in this place.
 D = Time resting spent in this place.
 E = Time spent auto-exploring this place.
 F = Levels seen in this place.
 G = Mean time per level.
                   A        B        C        D        E       F      G
               +--------+--------+--------+--------+--------+-----+--------+
         Total |  36660 |  35858 |    802 |  18508 |  11386 |  22 | 1666.4 |
       Dungeon |  13562 |  13027 |    535 |   3485 |   6960 |  13 | 1043.2 |
          Lair |  10696 |  10441 |    255 |   5431 |   3658 |   5 | 2139.2 |
  Orcish Mines |  11393 |  11382 |     11 |   8981 |    745 |   2 | 5696.5 |
        Bailey |    520 |    520 |      0 |    290 |      2 |   1 |  520.0 |
      Gauntlet |    487 |    487 |      0 |    320 |     20 |   1 |  487.0 |
               +--------+--------+--------+--------+--------+-----+--------+

Top non-repeatable levels by time:
   Orc:2: 8627 daAuts
  Lair:5: 3118 daAuts
  Lair:4: 2841 daAuts
   Orc:1: 2765 daAuts
  Lair:2: 2119 daAuts
     D:9: 2103 daAuts
     D:4: 1568 daAuts
  Lair:3: 1511 daAuts
    D:12: 1247 daAuts
     D:7: 1213 daAuts
  Lair:1: 1105 daAuts
     D:1: 1102 daAuts
     D:3: 1064 daAuts
     D:6: 1041 daAuts
    D:10: 1014 daAuts
